 Dungeon Crawl Stone Soup version 0.19-a0-1815-g4007336 (webtiles) character file.

152 Amnesiac the Magician (level 5, -1/35 HPs)
             Began as a Mummy Wizard on Oct 5, 2016.
             Was an Initiate of Kikubaaqudgha.
             Slain by a gnoll
             ... wielding a +0 club
              (7 damage)
             ... on level 2 of the Dungeon.
             The game lasted 00:04:32 (2344 turns).

Amnesiac the Magician (Mummy Wizard)                Turns: 2344, Time: 00:04:32

Health: -1/35      AC:  3    Str: 10    XL:     5   Next: 11%
Magic:  5/12       EV: 12    Int: 18    God:    Kikubaaqudgha [......]
Gold:   82         SH:  0    Dex: 11    Spells: 6 memorised, 1 level left

rFire  x . .     SeeInvis .     k - +0 trident
rCold  + . .     Gourm    .     a - +0 robe
rNeg   + + +     Faith    .     (no shield)
rPois  ∞         Spirit   .     b - +0 hat
rElec  .         Dismiss  .     m - +0 cloak
rCorr  .         Reflect  .     (no gloves)
MR     +....     Harm     .     (no boots)
Stlth  ++........               (no amulet)
                                (no ring)
                                f - ring of protection from magic (curse)

@: very slightly contaminated
A: no food or potions, fire vulnerability, cold resistance 1, negative energy
resistance 3, torment resistance, unbreathing
a: Renounce Religion


You were on level 2 of the Dungeon.
You worshipped Kikubaaqudgha.
Kikubaaqudgha was noncommittal.
You were not hungry.

You visited 1 branch of the dungeon, and saw 4 of its levels.

You collected 82 gold pieces.

Inventory:

Hand Weapons
 k - a +0 trident (weapon)
Missiles
 o - 2 throwing nets (quivered)
Armour
 a - a +0 robe (worn)
 b - a +0 hat (worn)
 m - a +0 cloak (worn)
Jewellery
 f - a cursed ring of protection from magic (left hand)
Scrolls
 d - 3 scrolls of identify {unknown}
 e - a scroll of enchant armour {unknown}
 g - a scroll of teleportation {unknown}
 h - 3 scrolls of remove curse {unknown}
 i - a scroll of amnesia {unknown}
 j - a scroll of random uselessness {unknown}
 l - a scroll of immolation {unknown}
 n - a scroll of noise {unknown}
Books
 c - a book of Minor Magic

   Spells                             Type                      Level
   a - Magic Dart                     Conjuration                  1
   b - Blink                          Translocation                2
   c - Call Imp                       Summoning                    2
   d - Repel Missiles                 Charms/Air                   2
   e - Slow                           Hexes                        2
   f - Conjure Flame                  Conjuration/Fire             3
   g - Mephitic Cloud                 Conjuration/Poison/Air       3


   Skills:
 - Level 1.5 Dodging
 - Level 1.5 Stealth
 - Level 5.0 Spellcasting
 - Level 1.0 Conjurations
 - Level 0.7 Summonings
 + Level 1.9 Necromancy
 - Level 0.7 Translocations


You had one spell level left.
You knew the following spells:

 Your Spells              Type           Power        Failure   Level  Hunger
a - Repel Missiles        Chrm/Air       #.....       21%         2    N/A
b - Blink                 Tloc           N/A          17%         2    N/A
d - Call Imp              Summ           #.......     17%         2    N/A
e - Mephitic Cloud        Conj/Pois/Air  #.......     34%         3    N/A
f - Magic Dart            Conj           #...         12%         1    N/A
s - Conjure Flame         Conj/Fire      #.......     34%         3    N/A

Dungeon Overview and Level Annotations

Branches:
Dungeon (4/15)
 Temple: D:4-7

Altars:
Ashenzari
Kikubaaqudgha


Innate Abilities, Weirdness & Mutations

You do not eat or drink.
Your flesh is vulnerable to fire.
You are immune to poison.
Your flesh is cold resistant. (rC+)
You are immune to negative energy. (rN+++)
You are immune to unholy pain and torment.
You can survive without breathing.


Message History

The gnoll hits you with a club!
Unknown command.
The gnoll hits you with a halberd!
The gnoll hits you from afar with a halberd!
* * * LOW HITPOINT WARNING * * *
Found a scroll labeled PUUSUEZANWENWU.
The gnoll closely misses you.
You see here a scroll labeled PUUSUEZANWENWU.
Casting: Blink
Confirm with . or Enter, or press ? or * to list all spells.
Aiming: Mephitic Cloud
Press: ? - help, Shift-Dir - straight line, f - gnoll
Aim: a gnoll, wielding a club You miscast Mephitic Cloud.
Sparks of electricity dance between your hands.
Unknown command.
A giant cockroach comes into view.
The gnoll hits you with a club!
You die...
Kikubaaqudgha rasps: "You have failed me!
Welcome... oblivion!" ######################## ....s..@g.gg............ ########################

You could see 2 gnolls, a giant cockroach and a goblin.

Vanquished Creatures
  A bullfrog skeleton (D:4)
  Terence (D:2)
  7 gnolls
  4 dart slugs
  3 leopard geckos
  An orc (D:4)
  2 giant cockroaches (D:1)
  2 goblins (D:1)
  2 hobgoblins
  2 kobolds (D:1)
  A ball python (D:1)
  4 bats
  A frilled lizard (D:1)
  5 rats
36 creatures vanquished.

Vanquished Creatures (collateral kills)
  A worm (D:2)
  A ball python (D:2)
  2 quokkas (D:2)
4 creatures vanquished.

Grand Total: 40 creatures vanquished

Notes
Turn   | Place    | Note
-------+----------+-------------------------------------------
     0 | D:1      | Amnesiac the Mummy Wizard began the quest for the Orb.
     0 | D:1      | Reached XP level 1. HP: 13/13 MP: 4/4
    28 | D:1      | Reached skill level 1 in Conjurations
   467 | D:1      | Reached XP level 2. HP: 19/19 MP: 1/6
   471 | D:1      | Learned a level 2 spell: Call Imp
   623 | D:1      | Learned a level 2 spell: Repel Missiles
   824 | D:2      | Noticed Terence
   950 | D:2      | Killed Terence
   950 | D:2      | Reached skill level 4 in Spellcasting
   950 | D:2      | Reached XP level 3. HP: 22/24 MP: 0/8
   956 | D:2      | Learned a level 3 spell: Mephitic Cloud
  1411 | D:4      | Reached XP level 4. HP: 23/30 MP: 2/10
  1516 | D:4      | Learned a level 3 spell: Conjure Flame
  1583 | D:4      | Reached skill level 5 in Spellcasting
  1587 | D:4      | Learned a level 2 spell: Blink
  1662 | D:4      | Found a shattered altar of Ashenzari.
  1693 | D:4      | Found an ancient bone altar of Kikubaaqudgha.
  1699 | D:4      | Became a worshipper of Kikubaaqudgha
  2074 | D:1      | Reached skill level 1 in Necromancy
  2295 | D:2      | Reached XP level 5. HP: 35/35 MP: 8/12
  2344 | D:2      | Slain by a gnoll

Vault maps used:
D:1:      dpeg_arrival_tiny_k
D:2:      kennysheep_okawaru_gauntlet, uniq_sigmund, uniq_robin, uniq_terence
D:3:      uniq_natasha
D:4:      nicolae_overflow_quartered_altars, serial_shops, nicolae_shop_stone

Skill      XL: |  1  2  3  4 |
---------------+-------------+-----
Conjurations   | 1 |  1.0
Spellcasting   | 4 5 |  5.0
Necromancy     | 1 |  1.9
Dodging        | |  1.5
Stealth        | |  1.5
Summonings     | |  0.7
Translocations | |  0.7

Action                   |  1- 3 |  4- 6 || total
-------------------------+-------+-------++-------
Melee: Unarmed           |    22 |       ||    22
       Short sword       |    13 |       ||    13
       Trident           |    16 |    51 ||    67
 Cast: Magic Dart        |    25 |       ||    25
       Call Imp          |     7 |       ||     7
       Repel Missiles    |     1 |       ||     1
       Mephitic Cloud    |     4 |     4 ||     8
       Conjure Flame     |       |     1 ||     1
       Blink             |       |     1 ||     1
 Stab: Confused          |     4 |     2 ||     6
       Sleeping          |       |     2 ||     2
Armor: Robe              |    10 |    12 ||    22
Dodge: Dodged            |    27 |    29 ||    56
       Deflected         |       |     1 ||     1
